 Dungeon Crawl Stone Soup version 0.30.1-11-g7821555f0a (webtiles) character file.

Game seed: 6207404772494993156

181 comborobin the Sneak (level 5, 0/41 HPs)
             Began as a Formicid Delver on Dec 18, 2023.
             Succumbed to a water moccasin's poison
             ... on level 7 of the Dungeon.
             The game lasted 00:02:56 (547 turns).

comborobin the Sneak (Formicid Delver)               Turns: 547, Time: 00:02:56

Health: 0/41       AC:  4    Str: 19    XL:     5   Next: 92%
Magic:  5/5        EV: 12    Int:  9    God:
Gold:   19         SH:  0    Dex: 15    Spells: 4/4 levels left

rFire   . . .        a - +0 mace
rCold   . . .        (no shield)
rNeg    . . .        b - +0 leather armour
rPois   .            (helmet unavailable)
rElec   .            g - +0 cloak
rCorr   .            (no gloves)
SInv    +            (no boots)
Will    .....        (no amulet)
Stlth   +++          (no ring)
HPRegen 0.26/turn    (no ring)
MPRegen 0.09/turn

%: no passive effects
@: lethally poisoned (0 -> -40)
A: permanent stasis, dig shafts and tunnels, antennae 3, four strong arms
a: Dig, Shaft Self


You were on level 7 of the Dungeon.
You visited 1 branch of the dungeon, and saw 4 of its levels.

You collected 19 gold pieces.

Inventory:

Hand Weapons
 a - a +0 mace (weapon)
Armour
 b - a +0 leather armour (worn)
 g - a +0 cloak (worn)
Wands
 e - a wand of charming (2)
 f - a wand of digging (3)
 h - a wand of flame (10)
 i - a wand of roots (8)
Scrolls
 c - a scroll of fog


   Skills:
 - Level 3.2 Fighting
 + Level 5.6 Maces & Flails
 - Level 1.7 Dodging
 - Level 6.0 Stealth


You had 4 spell levels left.
You didn't know any spells.
Your spell library contained the following spells:

 Spells                   Type           Power      Damage    Failure   Level
 Confusing Touch          Hex            0%         N/A       82%         3
 Inner Flame              Hex/Fire       0%         N/A       82%         3
 Cause Fear               Hex            0%         N/A       99%         4
 Fulminant Prism          Conj/Hex       0%         3d5       99%         4
 Leda's Liquefaction      Hex/Erth       0%         N/A       99%         4


Dungeon Overview and Level Annotations

Branches:
Dungeon (8/15)
 Temple: D:4-7         Lair: D:8-11

Altars:
Hepliaklqana
Okawaru
Sif Muna

Shops:
D:7 (

Annotations:
D:7 exclusion: door


Innate Abilities, Weirdness & Mutations

You cannot be hasted, slowed, berserked, paralysed or teleported.
You can dig through walls and to a lower floor.
You have a pair of large antennae on your head. (SInv)
Your four strong arms can wield two-handed weapons with a shield.


Message History

Level annotation: exclusion: door
There is a stone staircase leading down here.
You miss the water moccasin.
The water moccasin bites you but does no damage.
The water moccasin completely misses you.
You hit the water moccasin.
The water moccasin is lightly wounded.
The water moccasin bites you.
You are poisoned.
The water moccasin poisons you!
You hit the water moccasin but do no damage.
The water moccasin is lightly wounded.
You feel very sick. The water moccasin bites you!
You are lethally poisoned!
The water moccasin poisons you!
The water moccasin bites you but does no damage.
You aren't carrying any potions.
Unknown command.
Okay, then.
You aren't carrying any potions.
Unknown command.
Okay, then.
Aiming: Fastroot
Press: ? - help, Shift-Dir - straight line The roots erupt in riotous growth!
Roots grab the water moccasin.
The grasping roots constrict the water moccasin.
* * * LOW HITPOINT WARNING * * *
You feel extremely sick. The water moccasin bites you.
* * * LOW HITPOINT WARNING * * *
You are more poisoned.
The water moccasin poisons you!
Unknown command.
Unknown command.
You hit the water moccasin but do no damage.
The water moccasin is moderately wounded.
The grasping roots constrict the water moccasin.
You die...

#.....# #.....#
#.....#
#.....######
#.....'....#
####.....####.#
#..'........#.#
##.#..S...#.#.#
####.#...@..#.#.#
#....#......#.#.#
#.####.....##.#.#
#.#.....#.....#.#
#.#.###.#.#####.#
#.....#...#####.#
####....#....##.#
##...##.#.##.##.#
#.........##.##.#


You could see a water moccasin (rooted).

Vanquished Creatures
  A howler monkey (D:8)
  An adder (D:5)
  An orc (D:8)
3 creatures vanquished.

Vanquished Creatures (collateral kills)
  2 wights (D:8)
  An orc wizard (D:8)
3 creatures vanquished.

Grand Total: 6 creatures vanquished

Notes
Turn   | Place    | Note
-------+----------+-------------------------------------------
     0 | D:5      | comborobin the Formicid Delver began the quest for the Orb.
     0 | D:5      | Reached XP level 1. HP: 18/18 MP: 1/1
     3 | D:6      | Noticed an ogre
     4 | D:6      | Noticed an orc wizard
     6 | D:6      | Got the Handbook of Bad Luck
     7 | D:6      | Noticed an orc wizard
    38 | D:5      | Found a shimmering blue altar of Sif Muna.
    41 | D:5      | Found a hazy altar of Hepliaklqana.
    41 | D:5      | Found an iron altar of Okawaru.
    43 | D:5      | Noticed a scorpion
    65 | D:5      | Reached XP level 2. HP: 12/24 MP: 2/2
    79 | D:5      | You fall into a shaft and drop 3 floors!
   127 | D:7      | Noticed a hornet
   127 | D:7      | Found Beimojid's Weapon Shoppe.
   183 | D:8      | Noticed a howler monkey
   208 | D:8      | Killed a howler monkey
   209 | D:8      | Reached XP level 3. HP: 8/29 MP: 3/3
   209 | D:8      | Reached XP level 4. HP: 9/35 MP: 4/4
   211 | D:8      | Noticed a wight
   311 | D:8      | Noticed a wight
   323 | D:8      | Noticed a wight
   325 | D:8      | Killed a wight
   326 | D:8      | Reached XP level 5. HP: 32/41 MP: 5/5
   329 | D:8      | Reached skill level 5 in Maces & Flails
   329 | D:8      | Noticed a water moccasin
   547 | D:7      | Succumbed to a water moccasin's poison

Illustrated notes

Levels and vault maps discovered:
D:5:      layout_basic, mainiacjoe_overflow_cross_hatched,
          grunt_dithmenos_smoke, grunt_temple_overflow_open, uniq_duvessa,
          uniq_pikel
D:6:      layout_cave_pools, serial_bayou_pond_b
D:7:      layout_basic, minmay_temple_entry_glass, serial_shops, shop,
          shop_coins, dk_noncrumbling_4, chequers_serial_rivers_micro_c
D:8:      minmay_the_grid_four_pointed_star
          [minmay_the_grid_triangle_9x9_dagger,
          minmay_the_grid_triangle_9x9_descending_squares,
          minmay_the_grid_triangle_9x9_impossible_snake,
          minmay_the_grid_triangle_9x9_longest,
          minmay_the_grid_prize_four_corners], layout_rooms, slow_altar_1

Skill      XL: |  1  2  3  4  5 |
---------------+----------------+-----
Maces & Flails | 4 5 |  5.6
Fighting       | |  3.2
Dodging        | |  1.7
Stealth        | |  6.0

Action                     |  1- 3 |  4- 6 || total
---------------------------+-------+-------++-------
  Melee: Mace              |    19 |     7 ||    26
Ability: Shaft Self        |     1 |       ||     1
  Evoke: Wand              |       |     2 ||     2
    Use: Scroll            |     2 |     1 ||     3
 Armour: Leather armour    |     7 |     2 ||     9
  Dodge: Dodged            |    12 |     5 ||    17
